Map: Kairos Junction LE

Players

Reaper

  • Race: Zerg Zerg
  • League: Grandmaster
  • Spawn Location: 11:00

Future - Winner!

  • Race: Terran Terran
  • League: Grandmaster
  • Spawn Location: 5:00

Event: Cheeseadelphia 8

VOD

Have the link to the VOD?

Description

Time

  • Played on: Dec. 8, 2018, 10:14 a.m.
  • Length: 9:36

All games in this series

Show
View Real Time Build Order
Export as new Build Order

Reaper Zerg 

Build Orders: 1 Base Baneling Bust, Pool First, Zergling Baneling 

Get SALT Encoding   

  12  0:01  Drone  
  13  0:15  Extractor  
  12  0:24  Spawning Pool  
  11  0:29  Drone  
  11  0:34  Drone  
  13  0:39  Drone  
  14  0:52  Overlord  
  15  1:11  Zergling x4  
  15  1:12  Zergling x2  
  17  1:19  Metabolic Boost  
  17  1:25  Zergling x2  
  17  1:35  Zergling x2  
  18  1:40  Baneling Nest  
  18  1:45  Zergling x2  
  18  1:57  Zergling x2  
  19  2:07  Zergling x2  
  20  2:17  Zergling x2  
  21  2:26  Baneling x2  
  21  2:27  Zergling x2  
  20  2:38  Zergling x2  
  19  2:54  Zergling x2  
  17  3:00  Zergling x2  
  18  3:10  Zergling x2  
  19  3:13  Queen  
  20  3:21  Zergling x2  
  19  3:32  Zergling x2  
  20  3:43  Zergling x2  
  21  3:52  Hatchery  
  21  3:55  Zergling x2  
  21  4:05  Drone  
  22  4:16  Baneling  
  22  4:17  Baneling x9  
  22  4:27  Overlord  
  15  4:46  Drone x2  
  15  4:49  Drone x2  
  18  4:56  Queen  
  20  5:03  Zergling x2  
  20  5:06  Zergling x2  
  22  5:09  Zergling x2  
  22  5:13  Zergling x2  
  24  5:19  Spore Crawler  
  23  5:21  Zergling x2  
  23  5:27  Drone  
  25  5:28  Drone  
  25  5:31  Drone  
  27  5:43  Drone x3  
  30  5:52  Drone x3  
  33  5:58  Overlord  
  33  6:02  Drone  
  34  6:09  Queen  
  36  6:18  Drone x2  
  37  6:21  Drone  
  37  6:24  Drone  
  38  6:28  Drone x2  
  38  6:29  Drone  
  41  6:37  Drone  
  42  6:44  Overlord  
  42  6:58  Zergling x2  
  42  7:00  Queen  
  43  7:07  Zergling x2  
  38  7:09  Zergling x2  
  38  7:10  Zergling x4  
  38  7:11  Queen, Zergling x4  
  38  7:12  Zergling x2  
  38  7:14  Zergling x2  
  43  7:22  Zergling x2  
  41  7:23  Zergling x2  
  37  7:34  Drone  
  37  7:36  Queen  
  36  7:41  Drone x2  
  36  7:44  Zergling x2  
  36  7:45  Zergling x2  
  36  7:52  Zergling x2  
  36  7:54  Zergling x2  
  36  7:55  Zergling x2  
  38  8:05  Zergling x4  
  40  8:10  Queen  
  42  8:21  Zergling x4  
  44  8:30  Zergling x2  
  44  8:31  Zergling x2  
  37  8:38  Zergling x2  
  37  8:39  Zergling x2  
  37  8:46  Zergling x2  
  38  8:50  Zergling x2  
  32  8:58  Zergling x4  
  32  8:59  Queen  
  32  9:10  Zergling x2  
  32  9:11  Zergling x2  
Show
View Real Time Build Order
Export as new Build Order

Future Terran - Winner!

Build Orders: Gas First Reaper Expand 

Get SALT Encoding   

  12  0:00  SCV  
  13  0:12  SCV  
  14  0:16  Supply Depot  
  14  0:24  SCV  
  14  0:27  Refinery  
  15  0:38  SCV  
  16  0:44  Barracks  
  16  0:50  SCV  
  17  1:02  SCV  
  18  1:14  SCV  
  19  1:35  Reaper, Orbital Command  
  20  1:47  Command Center  
  20  1:58  Factory  
  20  2:03  SCV  
  20  2:06  Supply Depot  
  20  2:08  Barracks Reactor  
  20  2:11  Refinery  
  20  2:15  SCV  
  21  2:27  SCV  
  22  2:34  Barracks Tech Lab  
  21  2:43  Hellion  
  21  2:55  Barracks Tech Lab  
  21  2:56  SCV  
  12  3:04  Hellion  
  14  3:10  SCV  
  14  3:12  Barracks Tech Lab  
  14  3:22  SCV  
  14  3:25  Hellion  
  17  3:31  Marine  
  17  3:34  SCV  
  19  3:46  SCV, Starport  
  22  3:56  Hellion  
  22  4:05  SCV  
  23  4:17  SCV  
  24  4:25  Hellion  
  24  4:29  SCV  
  27  4:37  Banshee  
  25  4:58  Supply Depot  
  25  5:08  Supply Depot  
  25  5:17  Factory Reactor  
  25  5:20  SCV, Starport Tech Lab  
  26  5:32  SCV  
  27  5:40  Banshee  
  30  5:44  SCV  
  31  5:53  Supply Depot  
  31  5:56  SCV  
  32  6:05  Armory  
  32  6:08  SCV  
  33  6:17  Hellion  
  35  6:26  SCV  
  36  6:33  Raven  
  36  6:38  SCV  
  39  6:46  Hellion  
  41  6:51  SCV  
  42  6:54  Hellion  
  44  7:01  Hellion x6  
  44  7:03  SCV  
  42  7:15  SCV  
  43  7:18  Raven  
  42  7:27  SCV  
  43  7:34  Hellion  
  43  7:35  Hellion  
  36  7:47  Cloaking Field  
  35  7:56  Hellion x2  
  35  7:57  Barracks Tech Lab  
  40  8:01  Banshee  
  42  8:17  Command Center  
  42  8:23  Hellion  
  44  8:29  SCV  
  44  8:30  Hellion  
  46  8:58  Hellion  
  46  9:00  Supply Depot  
  46  9:01  Hellion  
  47  9:15  Command Center  
  47  9:22  SCV  
Tags
 
Add a new tag
Caveats
  • Supply blocks, unpowered buildings, or Contaminate may cause inaccurate times.
  • Supply counts are checked every 10 seconds.